 Dungeon Sprint DCSS version 0.31-a0-728-g01b46875f1 (webtiles) character file.

Game seed: 6137448349332750087

1182 sircluck the Grappler (level 8, 0/92 HPs)
             Began as a Troll Berserker on Sept 11, 2023.
             Was a High Priest of Trog.
             Slain by a gnoll sergeant
             ... wielding a +0 spear
              (9 damage)
             ... in the Dungeon (Sprint VII: "The Pits").
             The game lasted 00:00:52 (318 turns).

sircluck the Grappler (Troll Berserker)              Turns: 318, Time: 00:00:53

Health: 0/92       AC:  4    Str: 28    XL:     8   Next: 19%
Magic:  7/7        EV: 12    Int:  3    God:    Trog [*****.]
Gold:   0          SH:  0    Dex:  9    Spells: 7/7 levels left

rFire   . .          .
                       - Unarmed
rCold   . . .        (no shield)
rNeg    . . .        a - +0 animal skin
rPois   .            (helmet restricted)
rElec   .            (no cloak)
rCorr   .            (gloves unavailable)
SInv    .            (boots unavailable)
Will    .....        (no amulet)
Stlth   +            (no ring)
HPRegen 1.15/turn    (no ring)
MPRegen 0.10/turn

%: no teleportation
@: no status effects
A: large, unfitting armour, claws 3, regeneration 1, shaggy fur 1, tough skin 1
a: Renounce Religion, Berserk, Trog's Hand, Brothers in Arms


You were in the Dungeon.
You worshipped Trog.
Trog was extremely pleased with you.
You visited 1 branch

Inventory:

Armour
 a - a +0 animal skin (worn)
Scrolls
 g - a scroll of blinking
 i - 2 scrolls of vulnerability
 j - a scroll of butterflies
Potions
 b - 6 potions of curing
 c - 6 potions of heal wounds
 d - a potion of haste
 e - 4 potions of magic
 f - 3 potions of berserk rage
 h - 2 potions of invisibility


   Skills:
 + Level 9.3 Fighting
 + Level 9.2 Dodging
 + Level 10.9 Unarmed Combat


You had 7 spell levels left.
You didn't know any spells.
Your spell library was empty.

Dungeon Overview and Level Annotations

Branches:
Dungeon (1/1)

Altars:
Ashenzari
Cheibriados
Dithmenos
Elyvilon
Fedhas
Gozag
Hepliaklqana
Kikubaaqudgha
Makhleb
Nemelex Xobeh
Okawaru
Qazlal
Ru
Sif Muna
Trog
Uskayaw
Vehumet
Wu Jian
Xom
Yredelemnul
Zin
The Shining One
Jiyva
Lugonu


Innate Abilities, Weirdness & Mutations

You are too large for most types of armour.
You have claws for hands.
Your natural rate of healing is unusually fast.
You are covered in fur. (AC +1)
You have tough skin. (AC +1)


Message History

The white imp laughs crazily.
You can move again.
Unknown command.
Unknown command.
Unknown command.
Unknown command.
Unknown command.
You claw the gnoll!
The gnoll is severely wounded.
The gnoll misses you.
You scratch the gnoll.
The gnoll is severely wounded.
The gnoll closely misses you.
The floating eye gazes piercingly through you!
You shrug off the repeated paralysis!
You barely miss the gnoll. You claw the gnoll.
You kill the gnoll!
Trog accepts your kill.
You barely miss the white imp.
The white imp is moderately wounded.
You scratch the white imp.
The white imp is severely wounded.
The white imp hits you. The white imp freezes you.
* * * LOW HITPOINT WARNING * * *
You mangle the white imp!!
You kill the white imp!
Trog accepts your kill.
The gnoll sergeant hits you from afar with a +0 spear!
* * * LOW HITPOINT WARNING * * *
The gnoll sergeant hits you with a +0 spear.
* * * LOW HITPOINT WARNING * * *
You see here a +0 flail.
The gnoll sergeant blocks your attack.
The gnoll sergeant hits you with a +0 spear!
* * * LOW HITPOINT WARNING * * *
You barely miss the gnoll sergeant. The gnoll sergeant closely misses you.
The gnoll sergeant blocks your attack.
The floating eye's stare focuses on you.
The gnoll sergeant hits you with a +0 spear!
You die...

#..........†'.....
#'#####'#####.....
#.#..#..#..##.....
#.#..'..)..#####'#
#.##)####)###.....
#.#......).##.....
#.#........##.....
#.#####'#####...<.
#@#...)))[.##.....
#g#...)))[.##.....
#g###########.....
#oG.gK..# ######
#gK#g#..# #.## #
#.. #.# #..


You could see a gnoll sergeant, a floating eye (charged), 2 gnolls, an orc and a
kobold.

Vanquished Creatures
  A lindwurm (D)
  A rime drake (D)
  A flying skull (D)
  4 wights (D)
  A quasit (D)
  2 orc priests (D)
  2 adders (D)
  A gnoll (D)
  A white imp (D)
  An orc (D)
  A bat zombie (D)
  2 giant cockroaches (D)
  A goblin (D)
  A ball python (D)
  A bat (D)
  A kobold (D)
22 creatures vanquished.

Notes
Turn   | Place    | Note
-------+----------+-------------------------------------------
     0 | D        | sircluck the Troll Berserker began the quest for the Orb.
     0 | D        | Reached XP level 1. HP: 22/22 MP: 0/0
    12 | D        | Noticed a quasit
    12 | D        | Noticed a lindwurm
    22 | D        | Noticed a rime drake
    32 | D        | Killed a quasit
    33 | D        | Reached skill level 4 in Unarmed Combat
    33 | D        | Reached XP level 2. HP: 31/32 MP: 1/1
    33 | D        | Reached XP level 3. HP: 37/39 MP: 2/2
    35 | D        | Killed a rime drake
    36 | D        | Reached skill level 7 in Unarmed Combat
    36 | D        | Reached XP level 4. HP: 18/53 MP: 3/3
    36 | D        | Reached XP level 5. HP: 21/61 MP: 4/4
    36 | D        | Reached XP level 6. HP: 24/68 MP: 5/5
    89 | D        | Killed a lindwurm
    89 | D        | Reached ** piety under Trog
    90 | D        | Reached skill level 9 in Unarmed Combat
    90 | D        | Reached XP level 7. HP: 65/81 MP: 6/6
   136 | D        | Found a bloodstained altar of Trog.
   136 | D        | Found a shimmering blue altar of Sif Muna.
   136 | D        | Found a viscous altar of Jiyva.
   136 | D        | Found a hazy altar of Hepliaklqana.
   136 | D        | Found an opulent altar of Gozag.
   137 | D        | Found a glowing golden altar of the Shining One.
   137 | D        | Found a glowing silver altar of Zin.
   137 | D        | Found a basalt altar of Yredelemnul.
   137 | D        | Found a shimmering altar of Xom.
   137 | D        | Found an ornate altar of the Wu Jian Council.
   137 | D        | Found a sacrificial altar of Ru.
   137 | D        | Found a stormy altar of Qazlal.
   137 | D        | Found an iron altar of Okawaru.
   137 | D        | Found a sparkling altar of Nemelex Xobeh.
   137 | D        | Found a burning altar of Makhleb.
   137 | D        | Found a blossoming altar of Fedhas.
   137 | D        | Found a white marble altar of Elyvilon.
   137 | D        | Found a shadowy altar of Dithmenos.
   137 | D        | Found a snail-covered altar of Cheibriados.
   141 | D        | Found a corrupted altar of Lugonu.
   141 | D        | Found a radiant altar of Vehumet.
   142 | D        | Found a broken altar of Ashenzari.
   142 | D        | Found an ancient bone altar of Kikubaaqudgha.
   142 | D        | Found a hide-covered altar of Uskayaw.
   182 | D        | Reached *** piety under Trog
   192 | D        | Reached skill level 10 in Unarmed Combat
   198 | D        | Reached **** piety under Trog
   285 | D        | Reached ***** piety under Trog
   287 | D        | Noticed a flying skull
   287 | D        | Paralysed by a floating eye for 2 turns
   291 | D        | Reached XP level 8. HP: 66/92 MP: 7/7
   296 | D        | Killed a flying skull
   297 | D        | Paralysed by a floating eye for 4 turns
   306 | D        | Paralysed by a floating eye for 3 turns
   318 | D        | Slain by a gnoll sergeant

Illustrated notes

Levels and vault maps discovered:
D:        pitsprint [storerooms_1, entrance_room_1, metal_vault_3, armoury_1,
          mini_pit_1, grid_room_1, main_hall_1, silver_pit, the_coven_3,
          the_vestibule_1, steel_vault_2, golden_pit, hallway_of_sentries,
          crystal_vault_5, iron_vault_2, final_vault]

Skill      XL: |  1  2  3  4  5  6  7  8 |
---------------+-------------------------+-----
Fighting       | 3 6 8 9 |  9.3
Dodging        | 3 6 8 9 |  9.2
Unarmed Combat | 4 7 9 10 | 10.9

Action                     |  1- 3 |  4- 6 |  7- 9 || total
---------------------------+-------+-------+-------++-------
  Melee: Unarmed           |    15 |     3 |    50 ||    68
         Punch             |     1 |     1 |     3 ||     5
 Invoke: Berserk           |     1 |       |       ||     1
 Armour: Animal skin       |    27 |     3 |    56 ||    86
  Dodge: Dodged            |    13 |     4 |    33 ||    50

Table legend: (Time is in decaauts)
 A = Elapsed time spent in this place.
 B = Non-inter-level travel time spent in this place.
 C = Inter-level travel time spent in this place.
 D = Time resting spent in this place.
 E = Time spent auto-exploring this place.
 F = Levels seen in this place.
 G = Mean time per level.
                   A        B        C        D        E       F      G
               +--------+--------+--------+--------+--------+-----+--------+
         Total |    315 |    315 |      0 |     49 |     99 |   1 |  315.0 |
       Dungeon |    315 |    315 |      0 |     49 |     99 |   1 |  315.0 |
               +--------+--------+--------+--------+--------+-----+--------+

Top non-repeatable levels by time:
       D: 315 daAuts
